AoeStats
← Demax

Arabia

510223765Analyzed
1v1 RM · 12h ago on Sep 30, 2026· 36m 37s· 2 players
Game mode
Random Map
Map size
Tiny (2 player)
Population
200
Speed
Normal
Resources
Standard
Victory
Conquest
Starting age
Dark Age
Ending age
Imperial Age
RankedLock teamsTeams togetherTeam positionsShared explorationLock speedFull tech treeHidden civsTurbo modeCheats
Victory
Defeat
🇺🇸 Magyars · United States
1240
+14
🇨🇷 Ethiopians · Costa Rica
1203
-14
Demax
7:24 Loom
13:24 Feudal Age
19:57 Wheelbarrow
19:29 Double-Bit Axe
19:26 Horse Collar
20:04 Fletching
21:25 Padded Archer Armor
25:45 Castle Age
25:47 Crossbowman
27:56 Bodkin Arrow
32:38 Gold Mining
33:00 Bow Saw
itsjmendez
6:23 Loom
9:22 Feudal Age
14:44 Double-Bit Axe
21:47 Castle Age
20:10 Horse Collar
20:56 Scale Barding Armor
21:46 Gold Mining
23:50 Chain Barding Armor
24:15 Gold Shaft Mining
24:15 Heavy Plow
26:37 Bloodlines
28:29 Bow Saw
30:13 Town Watch
30:32 Stone Mining
34:28 Wheelbarrow
36:26 Husbandry
36:45 Hand Cart
Connection lost

Rejoining the realm…

Still unreachable

The connection could not be restored.

Session expired

The server has moved on; the page needs a fresh start.